 Dungeon Crawl Stone Soup version 0.30-a0-702-gdf48620a09 (webtiles) character file.

Game seed: 16556395855244798514

25315 wormed the Covert (level 12, -3/95 HPs)
             Began as a Demonspawn Fire Elementalist on Jan 21, 2023.
             Was an Elder of Vehumet.
             Slain by a minotaur
             ... wielding a +0 demon trident of electrocution
              (11 damage)
             ... in a Gauntlet.
             The game lasted 00:37:05 (16774 turns).

wormed the Covert (Demonspawn Fire Elementalist)   Turns: 16774, Time: 00:37:06

Health: -3/95      AC: 14    Str: 11    XL:     12   Next: 88%
Magic:  6/33       EV: 17    Int: 21    God:    Vehumet [****..]
Gold:   743        SH:  7    Dex: 20    Spells: 18/27 levels left

rFire   + . .      SeeInvis +    e - +10 whip of Dishonesty {elec, Fly rC+ Str+2}
rCold   + . .      Faith    .    P - +2 buckler
rNeg    . . .      Spirit   .    x - +2 robe {rF+}
rPois   .          Reflect  .    (helmet unavailable)
rElec   .          Harm     .    w - +2 cloak
rCorr   .          Rampage  .    (no gloves)
Will    .....      NoTele   +    q - +2 pair of boots
Stlth   +++++++                  f - amulet of regeneration
HPRegen 1.15/turn                k - +4 ring of protection
MPRegen 0.23/turn                z - ring of magical power

@: flying, studying Staves
A: antennae 3, thin skeletal structure 3, powered by death 1, augmentation 1
a: Renounce Religion


You were in a Gauntlet.
You worshipped Vehumet.
Vehumet was greatly pleased with you.
You visited 3 branches of the dungeon, and saw 14 of its levels.
You also visited: Bailey and Gauntlet.

You collected 743 gold pieces.

Inventory:

Hand Weapons
 e - the +10 whip of Dishonesty (weapon) {elec, Fly rC+ Str+2}
   (You found it on level 2 of the Dungeon)

   Str:       It affects your strength (+2).
   rC:        It protects you from cold.
   Fly:       It grants you flight.
Missiles
 v - 5 throwing nets
Armour
 q - a +2 pair of boots (worn)
 w - a +2 cloak (worn)
 x - a +2 robe of fire resistance (worn)
 P - a +2 buckler (worn)
 Q - the +1 cloak of Hics {rPois}
   (You found it in a Gauntlet)

   rPois:     It protects you from poison.
Magical Staves
 h - a staff of earth
Jewellery
 a - an amulet of the acrobat
 f - an amulet of regeneration (around neck)
 k - a +4 ring of protection (left hand)
 r - a +4 ring of slaying
 z - a ring of magical power (right hand)
 E - the ring of the Original Sin {Will+ SInv}
   (You found it on level 7 of the Dungeon)

   [ring of see invisible]

   SInv:      It lets you see invisible.
   Will:      It increases your willpower.
 I - a +6 ring of dexterity
 K - the amulet "Dypauj" {Reflect rPois rN+ SH+5 Stlth+}
   (You found it in a Gauntlet)

   [amulet of reflection]

   It reflects blocked missile attacks.
   rPois:     It protects you from poison.
   rN:        It protects you from negative energy.
   SH:        It affects your SH (+5).
   Stlth:     It makes you more stealthy.
 O - a ring of poison resistance
Wands
 l - a wand of flame (30) (quivered)
 u - a wand of roots (15)
 A - a wand of paralysis (12)
 C - a wand of mindburst (20)
 N - a wand of acid (11)
Scrolls
 p - 4 scrolls of identify
 y - a scroll of silence
 D - 3 scrolls of teleportation
 F - 3 scrolls of enchant weapon
 H - a scroll of torment
 J - a scroll of magic mapping
 L - a scroll of enchant armour
 M - 2 scrolls of immolation
Potions
 b - a potion of magic
 c - 5 potions of lignification
 d - a potion of attraction
 g - a potion of brilliance
 i - a potion of resistance
 j - 2 potions of cancellation
 m - a potion of ambrosia
 n - 2 potions of mutation
 o - 4 potions of curing
 t - 3 potions of flight
 B - 2 potions of might
 G - 2 potions of berserk rage


   Skills:
 + Level 9.0 Fighting
 + Level 8.5 Dodging
 + Level 9.3 Stealth
 + Level 2.3 Shields
 + Level 8.4 Spellcasting
 + Level 9.1 Conjurations
 + Level 8.7 Fire Magic


You had 18 spell levels left.
You knew the following spells:

 Your Spells              Type           Power      Damage    Failure   Level
a - Foxfire               Conj/Fire      100%       2x1d9     1%          1
b - Scorch                Fire           90%        2d9       1%          2
c - Inner Flame           Hex/Fire       27%        N/A       1%          3
d - Stone Arrow           Conj/Erth      56%        3d10      1%          3

Your spell library contained the following spells:

 Spells                   Type           Power      Damage    Failure   Level
 Yara's Violent Unravell  Hex/Tmut       4%         3d4       54%         5
 Kiss of Death            Conj/Necr      100%       2d13      1%          1
 Magic Dart               Conj           100%       1d8       1%          1
 Searing Ray              Conj           94%        2d7       1%          2
 Flame Wave               Conj/Fire      46%        2d12      1%          4
 Kindle Blastsparks       Fire/Tloc/Air  42%        2d13      2%          3
 Fulminant Prism          Conj/Hex       14%        3d8       4%          4
 Apportation              Tloc           16%        N/A       10%         1
 Necrotise                Necr           32%        1d5       10%         1
 Summon Small Mammal      Summ           32%        N/A       10%         1
 Sublimation of Blood     Necr           8%         N/A       16%         2
 Wereblood                Tmut           8%         N/A       16%         2
 Freezing Cloud           Conj/Ice/Air   10%        6-21      21%         5
 Confusing Touch          Hex            8%         N/A       30%         3
 Portal Projectile        Hex/Tloc       16%        N/A       30%         3
 Summon Guardian Golem    Hex/Summ       8%         N/A       30%         3
 Tukima's Dance           Hex            8%         N/A       30%         3
 Orb of Destruction       Conj           23%        9d8       45%         7
 Dispel Undead            Necr           8%         3d8       69%         4
 Passage of Golubria      Tloc           8%         N/A       69%         4
 Blade Hands              Tmut           4%         N/A       95%         5
 Silence                  Hex/Air        4%         N/A       95%         5
 Spellforged Servitor     Conj/Summ      14%        N/A       95%         7
 Simulacrum               Ice/Necr       4%         N/A       100%        6
 Summon Hydra             Summ           4%         N/A       100%        7
 Lehudib's Crystal Spear  Conj/Erth      14%        10d5      100%        8
 Polar Vortex             Ice            4%         N/A       100%        9


Dungeon Overview and Level Annotations

Branches:
Dungeon (10/15)            Temple (1/1) D:7            Lair (3/5) D:10
  Swamp (0/4) Lair:3       Spider (0/4) Lair:2          Orc (0/2) D:9
 Bailey (visited)         Gauntlet (1/1)

Altars:
Ashenzari
Cheibriados
Dithmenos
Fedhas
Gozag
Hepliaklqana
Kikubaaqudgha
Makhleb
Nemelex Xobeh
Okawaru
Qazlal
Ru
Sif Muna
Trog
Uskayaw
Vehumet
Wu Jian
Xom
Yredelemnul

Annotations:
D:6 1 runed translucent door, GiantSquids's ghost, novice MfBe Gauntlet 8 transporters, 2 runed translucent doors


Innate Abilities, Weirdness & Mutations

You have a pair of large antennae on your head. (SInv)
You have an unnaturally thin skeletal structure. (Dex +6, Stealth+++)
You regenerate a little health from kills.
Your magical and physical power is slightly enhanced at high health.


Message History

Casting: Scorch (safe; 1% risk of failure)
Confirm with . or Enter, or press ? or * to list all spells.
You conjure some foxfire!
The foxfire hits the minotaur but does no damage.
The minotaur is heavily wounded.
Casting: Foxfire (safe; 1% risk of failure)
Confirm with . or Enter, or press ? or * to list all spells.
Flames lash the minotaur but do no damage.
The foxfire hits the minotaur but does no damage.
The minotaur is heavily wounded.
Casting: Scorch (safe; 1% risk of failure)
Confirm with . or Enter, or press ? or * to list all spells.
Flames lash the minotaur but do no damage.
The minotaur unwields a +2 sling of freezing.
The minotaur wields a +0 demon trident of electrocution.
You hear the crackle of electricity.
The minotaur closely misses you. You block the minotaur's attack.
Casting: Scorch (safe; 1% risk of failure)
Confirm with . or Enter, or press ? or * to list all spells.
Flames lash the minotaur but do no damage.
The minotaur hits you with a +0 demon trident of electrocution!!
The minotaur gores you.
Casting: Scorch (safe; 1% risk of failure)
Confirm with . or Enter, or press ? or * to list all spells.
Flames lash the minotaur but do no damage.
You block the minotaur's attack. The minotaur gores you.
Casting: Scorch (safe; 1% risk of failure)
Confirm with . or Enter, or press ? or * to list all spells.
Flames lash the minotaur but do no damage.
The minotaur hits you with a +0 demon trident of electrocution!
You are electrocuted!!
* * * LOW HITPOINT WARNING * * *
The minotaur gores you but does no damage.
Casting: Scorch (safe; 1% risk of failure)
Confirm with . or Enter, or press ? or * to list all spells.
Flames lash the minotaur but do no damage.
The minotaur hits you with a +0 demon trident of electrocution!
* * * LOW HITPOINT WARNING * * *
You are electrocuted!
You die...

..?#...≈# .^.#...##
...#...≈# #..#...##
####...≈#
.......##############
....8.####.#........####
......≈##..#.######....#
###...##...#.#..@.####.#
†.#...#....#.#.##H#..#.#
#.#...#.8©.#.#.# .##.#.#
#.#...#....#.#.# .⌠#.#.#
#©#.8.#.8©...#.# ∩.#.#.#
#.#...#....#.#.# .⌠#.#.#
#)#...#.8©.#.#.#####.#.#
..#...#....#.#.##....#.#
###...##...#.#....#.##.#


You could see a minotaur (combustible).

Vanquished Creatures
  Gastronok (D:8)
  Harold (D:9)
  2 two-headed ogres
  A large abomination (Gauntlet)
  Pikel (D:7)
  Maurice (D:8)
  A moth of wrath (Gauntlet)
  3 rime drakes
  3 black mambas (Lair:1)
  7 cane toads
  A gargoyle (D:10)
  5 komodo dragons
  Maggie (D:8)
  3 trolls
  2 polar bears (Lair:2)
  5 blink frogs (Lair:2)
  A shadow (D:9)
  A wraith (D:9)
  5 wyverns
  32 yaks
  A basilisk (Lair:3)
  3 steam dragons
  2 redbacks (Gauntlet)
  8 water moccasins
  3 acid dragons
  9 orc warriors
  A black bear (D:10)
  An ice beast (D:8)
  3 wolves (Lair:2)
  A centaur (D:7)
  A lemure (D:6)
  A small abomination (Gauntlet)
  A necrophage (D:4)
  9 kobold brigands
  A gnoll sergeant (D:8)
  12 bullfrogs
  4 scorpions
  10 wights
  10 killer bees
  4 howler monkeys
  3 bullfrog zombies (D:6)
  2 jellies
  A human zombie (D:6)
  2 gnoll boudas
  7 orc priests
  4 hounds
  5 iguanas
  Natasha (thrice) (D:2)
  6 orc wizards
  2 killer bee zombies (D:6)
  3 howler monkey zombies (D:6)
  6 adders
  24 gnolls
  3 white imps
  4 worms
  38 orcs
  8 endoplasms
  6 giant cockroaches
  12 goblins
  5 hobgoblins
  12 jackals
  2 quokkas
  7 ball pythons
  4 bats
  5 frilled lizards
  28 kobolds
  9 rats
  2 butterflies (D:7)
375 creatures vanquished.

Vanquished Creatures (collateral kills)
  A foxfire (Lair:2)
1 creature vanquished.

Vanquished Creatures (others)
  649 foxfires
  57 fungi
  61 plants
767 creatures vanquished.

Grand Total: 1143 creatures vanquished

Notes
Turn   | Place    | Note
-------+----------+-------------------------------------------
     0 | D:1      | wormed the Demonspawn Fire Elementalist began the quest for
                  | the Orb.
     0 | D:1      | Reached XP level 1. HP: 13/13 MP: 3/3
   342 | D:1      | Gained mutation: You have a pair of small antennae on your
                  | head. [demonic ancestry]
   342 | D:1      | Reached XP level 2. HP: 20/20 MP: 0/5
  1182 | D:2      | Noticed Natasha
  1186 | D:2      | Learned a level 2 spell: Scorch
  1187 | D:2      | Noticed a crimson imp
  1395 | D:2      | Identified the +10 whip of Dishonesty {elec, Fly rC+ Str+2}
  1452 | D:2      | Gained mutation: You have a pair of antennae on your head.
                  | [demonic ancestry]
  1452 | D:2      | Reached XP level 3. HP: 25/25 MP: 6/6
  1527 | D:2      | Killed Natasha
  1528 | D:2      | Reached skill level 1 in Fighting
  1574 | D:2      | Noticed Natasha
  1579 | D:2      | Killed Natasha
  1580 | D:2      | Reached XP level 4. HP: 27/32 MP: 7/7
  1619 | D:2      | Noticed Natasha
  1628 | D:2      | Killed Natasha
  1639 | D:2      | Found a snail-covered altar of Cheibriados.
  1687 | D:2      | Learned a level 3 spell: Inner Flame
  1969 | D:2      | Gained mutation: You have a somewhat thin skeletal
                  | structure. (Dex +2, Stealth+) [demonic ancestry]
  1969 | D:2      | Reached XP level 5. HP: 37/37 MP: 9/9
  2600 | D:3      | Found a sacrificial altar of Ru.
  2761 | D:3      | You are sucked into a shaft and drop 3 floors!
  2880 | D:6      | Noticed an orc warrior
  2890 | D:5      | Entered Level 5 of the Dungeon
  2925 | D:5      | Killed an orc warrior
  2926 | D:5      | Gained mutation: You have a moderately thin skeletal
                  | structure. (Dex +4, Stealth++) [demonic ancestry]
  2926 | D:5      | Reached XP level 6. HP: 44/44 MP: 6/10
  3870 | D:4      | Reached XP level 7. HP: 51/51 MP: 4/12
  4720 | D:5      | Found a bloodstained altar of Trog.
  5230 | D:6      | Gained mutation: You regenerate a little health from kills.
                  | [demonic ancestry]
  5230 | D:6      | Reached XP level 8. HP: 58/58 MP: 8/13
  5368 | D:6      | Found a runed translucent door.
  5377 | D:6      | Found a shimmering altar of Xom.
  5377 | D:6      | Noticed GiantSquids's ghost (novice MfBe)
  5378 | D:6      | Noticed a +1 mace of chaos
  6161 | D:6      | Found an ancient bone altar of Kikubaaqudgha.
  6294 | D:6      | Reached skill level 5 in Fire Magic
  6835 | D:7      | Noticed Pikel
  6983 | D:7      | Noticed a two-headed ogre
  7218 | D:7      | Reached skill level 5 in Stealth
  7218 | D:7      | Gained mutation: You have a pair of large antennae on your
                  | head. (SInv) [demonic ancestry]
  7218 | D:7      | Reached XP level 9. HP: 54/66 MP: 6/16
  7357 | D:7      | Found a staircase to the Ecumenical Temple.
  7358 | D:7      | Identified the ring of the Original Sin {Will+ SInv}
  7365 | Temple   | Entered the Ecumenical Temple
  7517 | Temple   | Became a worshipper of Vehumet
  7573 | D:7      | Found an ornate altar of the Wu Jian Council.
  7586 | D:7      | Killed Pikel
  7587 | D:7      | Reached skill level 5 in Fighting
  7587 | D:7      | Reached skill level 5 in Dodging
  7587 | D:7      | Reached skill level 5 in Spellcasting
  7587 | D:7      | Reached skill level 5 in Conjurations
  8737 | D:7      | Killed a two-headed ogre
  8738 | D:7      | Gained mutation: You have an unnaturally thin skeletal
                  | structure. (Dex +6, Stealth+++) [demonic ancestry]
  8738 | D:7      | Reached XP level 10. HP: 69/76 MP: 17/18
  9130 | D:8      | Noticed Maurice
  9135 | D:8      | Killed Maurice
  9144 | D:8      | Noticed Maggie
  9281 | D:8      | Killed Maggie
  9289 | D:8      | Reached * piety under Vehumet
  9289 | D:8      | Offered knowledge of Freeze by Vehumet.
  9613 | D:8      | Found an iron altar of Okawaru.
  9613 | D:8      | Found a shadowy altar of Dithmenos.
  9660 | D:8      | Noticed Gastronok
  9684 | D:8      | Killed Gastronok
 10425 | D:9      | Noticed a two-headed ogre
 10434 | D:9      | Killed a two-headed ogre
 10800 | D:9      | Noticed Harold
 10808 | D:9      | Killed Harold
 10809 | D:9      | Reached XP level 11. HP: 83/83 MP: 7/21
 10970 | D:9      | Found a sparkling altar of Nemelex Xobeh.
 11018 | D:9      | Found a staircase to the Orcish Mines.
 11374 | D:9      | Found a hide-covered altar of Uskayaw.
 12004 | D:10     | Entered Level 10 of the Dungeon
 12211 | D:10     | Reached ** piety under Vehumet
 12211 | D:10     | Offered knowledge of Shock by Vehumet.
 12222 | D:10     | Found a flagged portal.
 12232 | Bailey   | Entered a bailey
 12840 | Bailey   | Found a bloodstained altar of Trog.
 12851 | Bailey   | Identified the +1 plate armour of Reicvet {rN+ Will- rCorr
                  | Dex+2}
 12938 | D:10     | Offered knowledge of Stone Arrow by Vehumet.
 13037 | D:10     | Learned a level 3 spell: Stone Arrow
 13162 | D:10     | Found an opulent altar of Gozag.
 13193 | D:10     | Reached *** piety under Vehumet
 13385 | D:10     | Found a staircase to the Lair.
 13531 | Lair:1   | Entered Level 1 of the Lair of Beasts
 13624 | Lair:1   | Gained mutation: Your magical and physical power is
                  | slightly enhanced at high health. [demonic ancestry]
 13624 | Lair:1   | Reached XP level 12. HP: 92/92 MP: 21/23
 13924 | Lair:1   | Offered knowledge of Airstrike by Vehumet.
 14109 | Lair:1   | HP: 3/94 [spore (21)]
 15197 | Lair:2   | Found a hole to the Spider Nest.
 15210 | Lair:2   | Reached skill level 1 in Shields
 15229 | Lair:2   | Reached **** piety under Vehumet
 15279 | Lair:2   | Offered knowledge of Yara's Violent Unravelling by Vehumet.
 16145 | Lair:3   | Found a gate leading to a gauntlet.
 16154 | Gauntlet | Entered a Gauntlet
 16154 | Gauntlet | Found a transporter.
 16166 | Gauntlet | Found a transporter.
 16184 | Gauntlet | Found a transporter.
 16187 | Gauntlet | Found a transporter.
 16208 | Gauntlet | Found a transporter.
 16221 | Gauntlet | Found a transporter.
 16234 | Gauntlet | Noticed a ghost crab
 16235 | Gauntlet | Found a transporter.
 16262 | Gauntlet | Found a transporter.
 16262 | Gauntlet | Found a transporter.
 16264 | Gauntlet | Found a runed translucent door.
 16268 | Gauntlet | Found a transporter.
 16278 | Gauntlet | Found a runed translucent door.
 16279 | Gauntlet | Noticed a reaper
 16301 | Gauntlet | Found a transporter.
 16301 | Gauntlet | Found a transporter.
 16333 | Gauntlet | a wolf spider changed into an anaconda
 16333 | Gauntlet | Noticed an anaconda (glowing shapeshifter)
 16340 | Gauntlet | an anaconda changed into an alligator
 16340 | Gauntlet | Noticed an alligator (glowing shapeshifter)
 16341 | Gauntlet | an alligator changed into a steelbarb worm
 16616 | Gauntlet | Identified the amulet "Dypauj" {Reflect rPois rN+ SH+5
                  | Stlth+}
 16641 | Gauntlet | Identified the +1 cloak of Hics {rPois}
 16757 | Gauntlet | Noticed a minotaur
 16774 | Gauntlet | Slain by a minotaur

Illustrated notes

Levels and vault maps discovered:
D:1:      heliophobic_arrival_ceremonial_halls, layout_basic, minivault_11
D:2:      minmay_spotlight, layout_basic, basic_altar, kennysheep_nub,
          minmay_misc_feat_columns, skrybe_limestone_x, minmay_vboxes,
          uniq_natasha
D:3:      layout_loops_ring, mainiacjoe_overflow_24_doors,
          cheibrodos_sewer_entry_bend, minmay_stone_trees_large,
          dreamdust_princess_bridge, dreamdust_wishing_well
D:4:      layout_basic, chequers_serial_rivers_small_a,
          kennysheep_generic_room_10
D:5:      layout_basic, trog_hazing_becter, minmay_misc_feat_chi
D:6:      layout_basic, lemuel_mausoleum_altar_kikubaaqudgha, ebering_ghost_xom
D:7:      layout_cave_pools, nicolae_wu_jian_immortal_techniques,
          minmay_temple_entry_butterflies, nicolae_figureground_pulse,
          uniq_pikel
D:8:      layout_cave_pools, zin_scriptorium,
          chequers_temple_overflow_statue_of_worship,
          chequers_ossuary_entry_cave, uniq_maggie, uniq_maurice, uniq_gastronok
D:9:      layout_stronghold, nicolae_overflow_crystal_walls,
          mainiacjoe_overflow_alcove_2, orc_0_dummy, minmay_misc_feat_diagonals,
          lemuel_flamethrower_1, uniq_harold
D:10:     layout_rooms, mainiacjoe_overflow_small_starburst,
          due_lair_maze_entry_diamond, enter_bailey_6
Temple:   minmay_temple_curvy_loop
Lair:1:   layout_gridlike, serial_bayou, serial_bayou_pond_e,
          serial_bayou_lake_a, serial_bayou_crossing, serial_bayou_lagoon_a,
          grunt_megastairs_5
Lair:2:   layout_cave_pods, spider_nest_entry_web_field, grunt_megastairs_1
Lair:3:   layout_big_grid, palyth_hydra_swamp_entry, gauntlet_entry_generic,
          st_stairs_9
Gauntlet: minmay_gauntlet_mixed_oops_all_seconds
          [minmay_gauntlet_arena_77_shame_cube, gammafunk_gauntlet_arena_crates,
          minmay_gauntlet_arena_77_box, gammafunk_gauntlet_arena_corners,
          minmay_gauntlet_arena_77_two_paths, nicolae_gauntlet_swirl,
          dreamdust_gauntlet_exit_labyrinth]

Skill      XL: |  1  2  3  4  5  6  7  8  9 10 11 12 |
---------------+-------------------------------------+-----
Stealth        | 2 3 5 6 7 8 9 |  9.3
Dodging        | 2 3 4 5 6 7 8 |  8.5
Fighting       | 1 2 3 4 5 6 8 9 |  9.0
Fire Magic     | 3 4 5 6 7 8 |  8.7
Conjurations   | 2 3 4 5 7 8 9 |  9.1
Spellcasting   | 3 4 5 6 7 8 |  8.4
Shields        | 2 |  2.3

Action                   |  1- 3 |  4- 6 |  7- 9 | 10-12 || total
-------------------------+-------+-------+-------+-------++-------
Melee: Staff             |    28 |       |       |       ||    28
       Whip              |    25 |    80 |   109 |    23 ||   237
       Punch             |     2 |       |     1 |       ||     3
 Cast: Foxfire           |    36 |    25 |    64 |   238 ||   363
       Scorch            |     6 |    12 |    92 |    85 ||   195
       Inner Flame       |       |     4 |    49 |   158 ||   211
       Stone Arrow       |       |       |       |     6 ||     6
Evoke: Wand              |       |     3 |       |       ||     3
  Use: Scroll            |     3 |       |     6 |    21 ||    30
       Potion            |       |       |       |     7 ||     7
 Stab: Distracted        |     1 |       |     1 |       ||     2
       Sleeping          |       |     7 |     6 |       ||    13
Armor: Robe              |    15 |    33 |    52 |    51 ||   151
Dodge: Dodged            |    41 |    75 |   137 |   116 ||   369
Block: Buckler           |       |       |       |    23 ||    23

Table legend: (Time is in decaauts)
 A = Elapsed time spent in this place.
 B = Non-inter-level travel time spent in this place.
 C = Inter-level travel time spent in this place.
 D = Time resting spent in this place.
 E = Time spent auto-exploring this place.
 F = Levels seen in this place.
 G = Mean time per level.
                   A        B        C        D        E       F      G
               +--------+--------+--------+--------+--------+-----+--------+
         Total |  16825 |  16124 |    701 |    398 |  12651 |  16 | 1051.6 |
       Dungeon |  12766 |  12122 |    644 |     37 |   9948 |  10 | 1276.6 |
        Temple |    181 |    153 |     28 |      0 |    126 |   1 |  181.0 |
          Lair |   2622 |   2593 |     29 |      0 |   2147 |   3 |  874.0 |
        Bailey |    651 |    651 |      0 |    325 |    220 |   1 |  651.0 |
      Gauntlet |    603 |    603 |      0 |     36 |    210 |   1 |  603.0 |
               +--------+--------+--------+--------+--------+-----+--------+

Top non-repeatable levels by time:
     D:6: 2746 daAuts
     D:9: 1778 daAuts
  Lair:1: 1364 daAuts
     D:7: 1356 daAuts
     D:1: 1254 daAuts
  Lair:2: 1186 daAuts
     D:5: 1162 daAuts
     D:2: 1158 daAuts
     D:8: 1046 daAuts
     D:3: 897 daAuts
    D:10: 704 daAuts
     D:4: 659 daAuts
  Bailey: 651 daAuts
Gauntlet: 603 daAuts
  Temple: 181 daAuts
